 Dungeon Crawl Stone Soup version 0.21-a0-178-g0b87683 (webtiles) character file.

110 namelastname112 the Skirmisher (level 4, -2/40 HPs)
             Began as a Draconian Wanderer on Aug 9, 2017.
             Slain by Grinder (10 damage)
             ... on level 3 of the Dungeon.
             The game lasted 00:02:37 (1993 turns).

namelastname112 the Skirmisher (Draconian Wanderer) Turns: 1993, Time: 00:02:38

Health: -2/40      AC:  7    Str: 14    XL:     4   Next: 61%
Magic:  4/4        EV: 12    Int: 14    God:
Gold:   71         SH:  0    Dex: 10    Spells: 3/3 levels left

rFire    . . .     SeeInvis .   i - +1 dagger (venom)
rCold    . . .     Gourm    .   (no shield)
rNeg     . . .     Faith    .   (armour unavailable)
rPois    .         Spirit   .   (helmet restricted)
rElec    .         Reflect  .   v - +0 cloak {MR+}
rCorr    .         Harm     .   l - +0 pair of gloves
MR       +....                  (no boots)
Stlth    +++.......             (no amulet)
HPRegen  0.13/turn              h - ring of stealth
MPRegen  0.09/turn              k - ring of wizardry

@: no status effects
A: unfitting armour, cold-blooded, AC +5
a: no special abilities


You were on level 3 of the Dungeon.
You were hungry.

You visited 1 branch of the dungeon, and saw 3 of its levels.

You collected 71 gold pieces.

Inventory:

Hand Weapons
 i - a +1 dagger of venom (weapon)
 u - a +2 quarterstaff of chaos
Armour
 l - a +0 pair of gloves (worn)
 v - a +0 cloak of magic resistance (worn)
Jewellery
 h - a ring of stealth (left hand)
 k - a ring of wizardry (right hand)
Wands
 r - a wand of random effects (14/48)
Scrolls
 b - 4 scrolls of identify {unknown}
 g - 2 scrolls of random uselessness {unknown}
 j - 2 scrolls of remove curse {unknown}
 m - a scroll of enchant armour {unknown}
 n - a scroll of recharging {unknown}
 s - a scroll of fear {unknown}
 t - 2 scrolls of teleportation {unknown}
Potions
 c - 3 potions of lignification
 d - a potion of flight {unknown}
 e - a potion of cancellation {unknown}
 p - a potion of ambrosia {unknown}
 q - 2 potions of curing {unknown}
 x - a potion of heal wounds {unknown}
Books
 o - a book of Cantrips

   Spells                             Type                      Level
   a - Confusing Touch                Hexes                        1
   b - Animate Skeleton               Necromancy                   1
   c - Summon Small Mammal            Summoning                    1
   d - Apportation                    Translocation                1
Comestibles
 a - 4 meat rations
 f - 4 bread rations
 w - a chunk of flesh


   Skills:
 + Level 4.2 Fighting
 - Level 2.0 Staves
   Level 2.6 Crossbows
 + Level 2.4 Dodging
 - Level 2.6 Stealth


You had 3 spell levels left.
You didn't know any spells.

Dungeon Overview and Level Annotations

Branches:
Dungeon (3/15)

Altars:
Cheibriados
Okawaru

Annotations:
D:3 Grinder


Innate Abilities, Weirdness & Mutations

Your plain brown scales are hard. (AC +5)
You cannot fit into any form of body armour.
You are cold-blooded and may be slowed by cold attacks.


Message History

You are too injured to fight recklessly!
You are too injured to fight recklessly!
You take 7 damage, and have 16/40 hp.
You are too injured to fight recklessly!
You are too injured to fight recklessly!
You are too injured to fight recklessly!
Grinder is nearby!
Grinder is nearby!
Evoke which item? (* to show all) (? for menu, Esc to quit)
Aiming: Random Effects (will waste charges)
Press: ? - help, Shift-Dir - straight line, f - Grinder
Aim: Grinder (severely wounded, poisoned)
The mass of ice explodes!
The iceblast engulfs Grinder.
Grinder partially resists.
Grinder is severely wounded.
The iceblast engulfs you!
* * * LOW HITPOINT WARNING * * *
Evoking this partially-identified wand wasted a few charges.
Grinder hits you!
You die...

######## .......#
######.# ####...#
...#.#.# ##.._..#
####.#.################
#..............5@.....#
#.####.##############.#
#.# #..)...#
#.####.####.# .......#
#.# .......# #.#
#.###### #.# #(# #.# ##
#.#########.# ..


You could see Grinder.

Vanquished Creatures
  Crazy Yiuf (D:2)
  3 adders
  A leopard gecko (D:1)
  4 orcs (D:3)
  A giant cockroach (D:1)
  9 goblins
  9 hobgoblins
  A quokka (D:2)
  8 bats
  6 frilled lizards
  A kobold (D:1)
  7 rats (D:1)
  A fungus (D:2)
52 creatures vanquished.

Vanquished Creatures (others)
  A quokka (D:3)
1 creature vanquished.

Grand Total: 53 creatures vanquished

Notes
Turn   | Place    | Note
-------+----------+-------------------------------------------
     0 | D:1      | namelastname112 the Draconian Wanderer began the quest for the Orb.
     0 | D:1      | namelastname112 set off with: a +2 hand crossbow, 23 bolts, a potion of lignification, a +0 quarterstaff, a +0 dagger, a bread ration
     0 | D:1      | Reached XP level 1. HP: 17/17 MP: 1/1
   309 | D:1      | Reached skill level 1 in Dodging
   325 | D:1      | Reached XP level 2. HP: 25/25 MP: 2/2
   465 | D:1      | Reached skill level 3 in Fighting
   833 | D:2      | Reached XP level 3. HP: 30/31 MP: 3/3
  1734 | D:2      | Found a runed door.
  1738 | D:2      | Noticed Crazy Yiuf
  1750 | D:2      | Killed Crazy Yiuf
  1750 | D:2      | Reached skill level 4 in Fighting
  1750 | D:2      | Reached XP level 4. HP: 40/40 MP: 4/4
  1804 | D:3      | Found a snail-covered altar of Cheibriados.
  1862 | D:3      | Found an iron altar of Okawaru.
  1986 | D:3      | Noticed Grinder
  1993 | D:3      | Slain by Grinder

Vault maps used:
D:1:      ncdulo_halloftheorcs
D:2:      uniq_crazy_yiuf_cottage
D:3:      makhleb_blood_cavern_becter, elyvilon_altar_4, lemuel_crystal_altar,
          first_bread, okawaru_trees_2, uniq_grinder

Skill      XL: |  1  2  3 |
---------------+----------+-----
Dodging        | 1 2 |  2.4
Fighting       | 3 4 |  4.2
Staves         | |  2.0
Crossbows      | |  2.6
Stealth        | |  2.6

Action                   |  1- 3 |  4- 6 || total
-------------------------+-------+-------++-------
Melee: Quarterstaff      |    24 |       ||    24
       Dagger            |    91 |    33 ||   124
       Tailslap          |    10 |     1 ||    11
Evoke: Wand              |       |     1 ||     1
 Stab: Sleeping          |     8 |     3 ||    11
  Eat: Chunk             |     2 |     1 ||     3
Armor: Skin              |    24 |     2 ||    26
Dodge: Dodged            |    50 |    14 ||    64
